 Dungeon Crawl Stone Soup version 0.21.0-3-g78d12a8 (webtiles) character file.

33 mopl the Sneak (level 3, -1/19 HPs)
             Began as a Tengu Enchanter on Jan 11, 2018.
             Slain by an adder (4 damage)
             ... on level 2 of the Dungeon.
             The game lasted 00:02:03 (1089 turns).

mopl the Sneak (Tengu Enchanter)                    Turns: 1089, Time: 00:02:03

Health: -1/19      AC:  2    Str: 11    XL:     3   Next: 29%
Magic:  1/7        EV: 13    Int: 15    God:
Gold:   54         SH:  0    Dex: 15    Spells: 0/6 levels left

rFire    . . .     SeeInvis .   a - +1 dagger
rCold    . . .     Gourm    .   (no shield)
rNeg     . . .     Faith    .   b - +0 robe
rPois    .         Spirit   .   (helmet restricted)
rElec    .         Reflect  .   (no cloak)
rCorr    .         Harm     .   (no gloves)
MR       .....                  (boots unavailable)
Stlth    ++........             (no amulet)
HPRegen  0.06/turn              m - +3 ring of strength
MPRegen  0.10/turn              (no ring)

@: very slightly contaminated
A: beak, talons 3
a: no special abilities


You were on level 2 of the Dungeon.
You were not hungry.

You visited 1 branch of the dungeon, and saw 2 of its levels.

You collected 54 gold pieces.

Inventory:

Hand Weapons
 a - a +1 dagger (weapon)
Armour
 b - a +0 robe (worn)
Jewellery
 m - a +3 ring of strength (left hand)
Scrolls
 e - 2 scrolls of teleportation {unknown}
 g - a scroll of remove curse {unknown}
 h - a scroll of enchant armour {unknown}
 j - 2 scrolls of identify {unknown}
 k - a scroll of fog {unknown}
Potions
 i - a potion of lignification {unknown}
 l - a potion of brilliance {unknown}
Books
 c - a book of Maledictions

   Spells                             Type                      Level
   a - Corona                         Hexes                        1
   b - Ensorcelled Hibernation        Hexes/Ice                    2
   c - Confuse                        Hexes                        3
   d - Tukima's Dance                 Hexes                        3
   e - Dazzling Spray                 Conjuration/Hexes            3
Comestibles
 d - 6 rations
 f - 3 chunks of flesh


   Skills:
 + Level 1.4 Short Blades
 - Level 2.1 Dodging
 * Level 3.5 Stealth
 + Level 2.3 Spellcasting
 * Level 2.5 Hexes
 + Level 0.2 Ice Magic


You couldn't memorise any spells.
You knew the following spells:

 Your Spells              Type           Power        Failure   Level  Hunger
a - Corona                Hex            #......      8%          1    #......
b - Ensorcelled Hibernat  Hex/Ice        #.....       19%         2    ###....
c - Confuse               Hex            #.......     22%         3    ###....


Dungeon Overview and Level Annotations

Branches:
Dungeon (2/15)

Altars:
Gozag
The Shining One


Innate Abilities, Weirdness & Mutations

You have a beak for a mouth.
You have claws for feet.


Message History

The adder closely misses you. The adder bites you.
Casting: Ensorcelled Hibernation
Confirm with . or Enter, or press ? or * to list all spells.
Aiming: Ensorcelled Hibernation
Press: ? - help, Shift-Dir - straight line, f/p - adder
Aim: an adder (chance to defeat MR: 46%)
You miscast Ensorcelled Hibernation.
You are very lightly contaminated with residual magic.
Your skin tingles.
The adder bites you.
Unknown command.
The adder bites you but does no damage.
You see here a whip of distortion {!w}.
The adder bites you. The adder bites you.
* * * LOW HITPOINT WARNING * * *
The adder barely misses you.
An adder comes into view.
The adder bites you.
You die...

.... ###.#.... ....... ......
.......#### #....
....#.######.......###....
.......<†................. ##
.....................#.##. ..
.............#.........##.
###.###########._.......÷........
............)........[#......####
#.........#####.@######..<...# ##
#...............S..# ##.....# ##
#................#.....#.......+_
#..#######.......#.....#.....###+
#.# #.......#S....#.#...# ##
#.......#.....#.#...#
##......+.##### #......###
#......#


You could see an adder.

Vanquished Creatures
  An ooze (D:1)
  A dart slug (D:2)
  3 giant cockroaches (D:2)
  3 hobgoblins (D:1)
  A jackal (D:2)
  6 bats
  4 frilled lizards (D:1)
  A goblin (D:1)
  4 kobolds
  3 rats
27 creatures vanquished.

Notes
Turn   | Place    | Note
-------+----------+-------------------------------------------
     0 | D:1      | mopl the Tengu Enchanter began the quest for the Orb.
     0 | D:1      | Reached XP level 1. HP: 10/10 MP: 4/4
   152 | D:1      | Reached XP level 2. HP: 9/15 MP: 3/6
   156 | D:1      | Learned a level 2 spell: Ensorcelled Hibernation
   887 | D:2      | Found an opulent altar of Gozag.
   941 | D:2      | Found a glowing golden altar of the Shining One.
   946 | D:2      | Reached XP level 3. HP: 19/19 MP: 4/7
   951 | D:2      | Learned a level 3 spell: Confuse
  1089 | D:2      | Slain by an adder

Action                   || total
-------------------------++-------
Melee: Dagger            ||    61
       Kick              ||     9
       Peck              ||     6
 Cast: Corona            ||     4
       Ensorcelled Hiber ||     8
 Stab: Sleeping          ||     7
  Eat: Chunk             ||     1
Armor: Robe              ||    16
Dodge: Dodged            ||    53
